 Dungeon Crawl Stone Soup version 0.30-a0-737-gf23d94013f (webtiles) character file.

Game seed: 17758541152930063591

410 jimonade the Magician (level 6, 0/42 HPs)
             Began as a Mummy Necromancer on Feb 2, 2023.
             Slain by Duvessa
             ... wielding a +0 short sword
              (4 damage)
             ... on level 4 of the Dungeon.
             The game lasted 00:09:53 (3691 turns).

jimonade the Magician (Mummy Necromancer)           Turns: 3691, Time: 00:09:53

Health: 0/42       AC:  3    Str: 11    XL:     6   Next: 58%
Magic:  0/15       EV: 12    Int: 17    God:
Gold:   166        SH:  0    Dex: 12    Spells: 9/17 levels left

rFire   x . .      SeeInvis .    a - +2 short sword (drain)
rCold   + . .      Faith    +    (no shield)
rNeg    + + +      Spirit   .    g - +0 robe
rPois   ∞          Reflect  .    (no helmet)
rElec   .          Harm     .    (no cloak)
rCorr   .          Rampage  .    l - +0 pair of gloves
Will    .....                    (no boots)
Stlth   ++                       (no amulet)
HPRegen 0.27/turn                (no ring)
MPRegen 0.14/turn                (no ring)

@: very slightly contaminated
A: cold resistance 1, negative energy resistance 3, torment resistance 2, heat
vulnerability 1, in touch with death 1, no potions, faith
a: no special abilities


You were on level 4 of the Dungeon.
You visited 1 branch of the dungeon, and saw 4 of its levels.

You collected 166 gold pieces.

Inventory:

Hand Weapons
 a - a +2 short sword of draining (weapon)
 b - a +1 dagger of protection
 c - a +3 sling
 j - a +2 dagger of freezing
 n - a +0 dagger
 q - a +0 halberd
 r - a +0 spear
Armour
 g - a +0 robe (worn)
 l - a +0 pair of gloves (worn)
Wands
 s - a wand of quicksilver (9)
Scrolls
 d - 4 scrolls of identify {unknown}
 e - a scroll of vulnerability {unknown}
 f - a scroll of blinking {unknown}
 h - 2 scrolls of teleportation {unknown}
 i - 4 scrolls of immolation {unknown}
 k - a scroll of butterflies {unknown}
 m - a scroll of magic mapping {unknown}
 o - a scroll of enchant armour {unknown}
 p - a scroll of brand weapon {unknown}


   Skills:
 + Level 0.3 Fighting
 - Level 1.5 Dodging
 - Level 1.5 Stealth
 + Level 6.4 Spellcasting
 + Level 6.2 Necromancy


You had 9 spell levels left.
You knew the following spells:

 Your Spells              Type           Power      Damage    Failure   Level
a - Necrotise             Necr           100%       1d9       1%          1
b - Vampiric Draining     Necr           40%        2d8       2%          3
c - Animate Dead          Necr           40%        N/A       10%         4

Your spell library contained the following spells:

 Spells                   Type           Power      Damage    Failure   Level
 Agony                    Necr           40%        N/A       26%         5


Dungeon Overview and Level Annotations

Branches:
Dungeon (4/15)
 Temple: D:4-7

Altars:

Annotations:
D:3 exclusion: downstairs
D:4 Duvessa


Innate Abilities, Weirdness & Mutations

You are immune to poison.
Your flesh is cold resistant. (rC+)
You are immune to negative energy. (rN+++)
You are immune to unholy pain and torment.
You are vulnerable to heat. (rF-)
You are in touch with the powers of death.
You do not drink.
You have a special connection with the divine. (Faith)


Message History

Unknown command.
Unknown command.
You hit Duvessa but do no damage. You drain Duvessa.
Duvessa is heavily wounded.
Duvessa hits you with a +0 short sword! Duvessa closely misses you.
You hit Duvessa but do no damage. You drain Duvessa.
Duvessa is severely wounded.
Duvessa hits you with a +0 short sword.
You hit Duvessa but do no damage. You drain Duvessa.
Duvessa is severely wounded.
Duvessa hits you with a +0 short sword. x2
* * * LOW HITPOINT WARNING * * *
You hit Duvessa. You drain Duvessa.
Duvessa is severely wounded.
Duvessa hits you with a +0 short sword.
* * * LOW HITPOINT WARNING * * *
You hit Duvessa but do no damage.
Duvessa is severely wounded.
Duvessa hits you with a +0 short sword.
* * * LOW HITPOINT WARNING * * *
Duvessa closely misses you.
Casting: Vampiric Draining (dangerous; 2% risk of failure)
Confirm with . or Enter, or press ? or * to list all spells.
Aiming: Vampiric Draining (dangerous; 2% risk of failure)
Press: ? - help, Shift-Dir - straight line, f/p - Duvessa
Aim: Duvessa, wielding a +0 short sword and wearing a +3 ring mail of poison resistance (severely wounded, berserk, fast, heavily drained)
You feel a surge of power!
You miscast Vampiric Draining.
You are very lightly contaminated with residual magic.
Nothing appears to happen.
Duvessa closely misses you.
You hit Duvessa. You drain Duvessa.
Duvessa is almost dead.
Duvessa barely misses you. Duvessa hits you with a +0 short sword.
* * * LOW HITPOINT WARNING * * *
You hit Duvessa but do no damage.
Duvessa is almost dead.
Duvessa closely misses you.
You barely miss Duvessa.
Duvessa is almost dead.
Duvessa hits you but does no damage. Duvessa hits you with a +0 short sword.
You die...

.#...#.......#.#.#...............
.#...#.......#.###....>...#.# #..
.#...........#.#.........##.## ..
.#.#.......#.#.#.###...[.#...####
.#.#.......#.#.#.#.#.............
.#.#.......#.#.#.#.#.......(..e..
.#.#.......#.#.#.#.#............#
#.#....<....#.#e#...#....#.....#
#.###.....#.#.#@#.###....#......
.....#.#.#.#.# #.> ##..... #..
.....#.#.#.#.# #. #.#####
.#..##.#...###.#.#.# . ## #
.#.....#...#...#.#.. #
.............###.# # #
...........## #.# ####
.##........# #.# ....
.#........## #.# #


You could see Duvessa (berserk, fast, very drained).

Vanquished Creatures
  2 scorpions (D:4)
  Dowan (D:4)
  2 orc priests
  An orc wizard (D:4)
  3 gnolls (D:3)
  5 adders
  2 worms
  A dart slug (D:4)
  8 orcs
  8 ball pythons
  3 bats
  6 endoplasms
  2 giant cockroaches
  7 goblins
  5 hobgoblins
  2 jackals (D:3)
  9 frilled lizards
  6 kobolds
  5 rats (D:1)
78 creatures vanquished.

Vanquished Creatures (collateral kills)
  An orc (D:4)
  A rat (D:2)
2 creatures vanquished.

Vanquished Creatures (others)
  2 kobold zombies (D:4)
  2 orc zombies (D:4)
  8 plants (D:2)
12 creatures vanquished.

Grand Total: 92 creatures vanquished

Notes
Turn   | Place    | Note
-------+----------+-------------------------------------------
     0 | D:1      | jimonade the Mummy Necromancer began the quest for the Orb.
     0 | D:1      | Reached XP level 1. HP: 13/13 MP: 4/4
   320 | D:1      | Reached XP level 2. HP: 19/19 MP: 3/6
   885 | D:2      | Gained mutation: You are in touch with the powers of death.
                  | [Mummy growth]
   885 | D:2      | Reached XP level 3. HP: 24/24 MP: 2/8
  1397 | D:2      | Reached XP level 4. HP: 30/30 MP: 6/10
  1493 | D:2      | Learned a level 3 spell: Vampiric Draining
  1615 | D:2      | Found a faded altar of an unknown god.
  1808 | D:2      | Learned a level 4 spell: Animate Dead
  2422 | D:3      | You fall into a shaft and drop 1 floor!
  2510 | D:3      | Reached skill level 5 in Necromancy
  2694 | D:3      | Reached skill level 5 in Spellcasting
  2971 | D:4      | Noticed Duvessa
  2987 | D:3      | Reached XP level 5. HP: 21/35 MP: 1/12
  3415 | D:4      | Reached XP level 6. HP: 26/41 MP: 12/14
  3661 | D:4      | Noticed Dowan
  3677 | D:4      | Killed Dowan
  3691 | D:4      | Slain by Duvessa

Illustrated notes

Levels and vault maps discovered:
D:1:      heliophobic_arrival_dark_side_of_the_moon, layout_basic,
          minmay_misc_feat_enclosed
D:2:      layout_rooms, ebering_ecumenical_altar_mist, minmay_lizard_king
D:3:      layout_basic
D:4:      layout_cave_pools, serial_co_window_serial,
          co_window_of_opportunity_a, co_window_paths_a, co_window_corner_a,
          co_window_corner_a, co_window_paths_a, co_window_paths_c,
          co_window_2corner, co_window_corner_ca, co_window_paths_c,
          co_window_2corner, co_window_paths_c, co_window_corner_b,
          co_window_paths_e, co_window_4corner_a, glass_columns_a, uniq_duvessa

Skill      XL: |  1  2  3  4  5  6 |
---------------+-------------------+-----
Spellcasting   | 3 4 5 6 |  6.4
Necromancy     | 5 6 |  6.2
Fighting       | |  0.3
Dodging        | |  1.5
Stealth        | |  1.5

Action                     |  1- 3 |  4- 6 || total
---------------------------+-------+-------++-------
  Melee: Short sword       |    13 |    40 ||    53
   Fire: Sling             |     3 |       ||     3
   Cast: Necrotise         |    63 |    69 ||   132
         Vampiric Draining |       |     9 ||     9
         Animate Dead      |       |     2 ||     2
   Stab: Distracted        |       |     1 ||     1
 Armour: Robe              |     3 |    13 ||    16
  Dodge: Dodged            |    17 |    43 ||    60

Table legend: (Time is in decaauts)
 A = Elapsed time spent in this place.
 B = Non-inter-level travel time spent in this place.
 C = Inter-level travel time spent in this place.
 D = Time resting spent in this place.
 E = Time spent auto-exploring this place.
 F = Levels seen in this place.
 G = Mean time per level.
                   A        B        C        D        E       F      G
               +--------+--------+--------+--------+--------+-----+--------+
         Total |   3689 |   3575 |    114 |    118 |   2774 |   4 |  922.2 |
       Dungeon |   3689 |   3575 |    114 |    118 |   2774 |   4 |  922.2 |
               +--------+--------+--------+--------+--------+-----+--------+

Top non-repeatable levels by time:
     D:3: 1169 daAuts
     D:2: 972 daAuts
     D:1: 870 daAuts
     D:4: 677 daAuts
